 Dungeon Crawl Stone Soup version 0.31-a0-231-g51bb95cda3 (webtiles) character file.

Game seed: 12706395439932564202

359 qw the Shooter (level 6, -3/52 HPs)
             Began as a Minotaur Hexslinger on July 6, 2023.
             Slain by an ogre
             ... wielding a +0 giant club
              (10 damage)
             ... on level 4 of the Dungeon.
             The game lasted 00:01:14 (3512 turns).

qw the Shooter (Minotaur Hexslinger)                Turns: 3512, Time: 00:01:15

Health: -3/52      AC:  6    Str: 13    XL:     6   Next: 37%
Magic:  6/6        EV: 16    Int: 13    God:
Gold:   211        SH:  0    Dex: 14    Spells: 6/7 levels left

rFire   + . .        Y - +0 orcbow
rCold   . . .        (shield currently unavailable)
rNeg    . . .        b - +0 ring mail
rPois   .            (helmet restricted)
rElec   .            h - +0 cloak
rCorr   .            (no gloves)
SInv    .            (no boots)
Will    .....        (no amulet)
Stlth   +            d - ring "Perum" {EV+5 Int+3}
HPRegen 0.28/turn    g - ring of protection from fire
MPRegen 0.10/turn

%: no passive effects
@: no status effects
A: horns 2, retaliatory headbutt
a: no special abilities


You were on level 4 of the Dungeon.
You visited 1 branch of the dungeon, and saw 5 of its levels.

You collected 211 gold pieces.


Innate Abilities, Weirdness & Mutations

You have a pair of horns on your head.
You reflexively headbutt those who attack you in melee.


   Skills:
 - Level 4.0 Fighting
 + Level 6.4 Ranged Weapons
 - Level 1.3 Armour
 - Level 2.1 Dodging
 - Level 1.0 Spellcasting
 - Level 2.0 Hexes


You had 6 spell levels left.
You knew the following spells:

 Your Spells              Type           Power      Damage    Failure   Level
a - Slow                  Hex            20%        N/A       26%         1

Your spell library contained the following spells:

 Spells                   Type           Power      Damage    Failure   Level
 Inner Flame              Hex/Fire       3%         N/A       75%         3
 Portal Projectile        Hex/Tloc       6%         N/A       75%         3
 Cause Fear               Hex            2%         N/A       95%         4

Inventory:

Hand Weapons
 Y - a +0 orcbow (weapon)
Armour
 b - a +0 ring mail (worn)
 h - a +0 cloak (worn)
Jewellery
 d - the ring "Perum" (left hand) {EV+5 Int+3}
   (You found it on level 2 of the Dungeon)

   [ring of evasion]

   EV:        It affects your evasion (+5).
   Int:       It affects your intelligence (+3).
 g - a ring of protection from fire (right hand)
Potions
 a - a potion of brilliance {unknown}
 e - a potion of enlightenment
 j - a potion of ambrosia {unknown}

Dungeon Overview and Level Annotations

Branches:
Dungeon (5/15)
 Temple: D:4-7

Altars:
Elyvilon
Kikubaaqudgha
Ru
Wu Jian
Yredelemnul

Annotations:
D:4 2 transporters, Menkaure


Message History

(D) Dungeon
Where to? (* - list waypoints, Enter - D:4, ? - help)
What level of the Dungeon? (default 1, ? - help)
You are starting to lose your buoyancy.
There is a stone staircase leading down here.
You fly downwards.
The ogre shouts!
The jelly quivers.
There is a stone staircase leading up here.
There are monsters nearby!
Waypoint 4 assigned to D:5.
You shoot an arrow. The arrow hits the jelly!
The jelly is almost dead.
The jelly misses you.
You shoot an arrow. The arrow hits the jelly.
You kill the jelly!
You float gracefully downwards.
You shoot an arrow. The arrow hits the ogre.
The ogre is moderately wounded.
You shoot an arrow. The arrow hits the ogre!
The ogre is heavily wounded.
The ogre closely misses you.
You shoot an arrow. The arrow hits the ogre.
The ogre is severely wounded.
The ogre misses you. You furiously retaliate!
You headbutt the ogre. You shoot an arrow. The arrow barely misses the ogre.
Your enlightenment fades.
The ogre closely misses you.
You shoot an arrow. The arrow hits the ogre.
The ogre is almost dead.
The ogre hits you with a +0 giant club!!
Ouch! That really hurt!
3509 ||| STAIRDANCE You climb upwards.
Level annotation: 2 transporters, Menkaure
There is a stone staircase leading down here.
You shoot an arrow. The arrow barely misses the ogre.
The ogre hits you with a +0 giant club!
You shoot an arrow. The arrow barely misses the ogre.
The ogre hits you with a +0 giant club!
You die...

#............
#......######
#......#^....
#......#?....
#......#$.###
####...#_.#8#
#...#[.... #####
#..^#}....
#@O.#####...#M....
#...........#Z.#8#
#.#..######.#$.###
#.##.## #.#[....
#.##..#####.#.....
#....>......######
#####..####.......
##...#######.#
###..# #.#


You could see an ogre.

Vanquished Creatures
  An ogre (D:4)
  A scorpion (D:4)
  A jelly (D:5)
  2 sleepcaps (D:4)
  4 adders
  4 worms
  2 dart slugs (D:1)
  4 ball pythons
  11 endoplasms
  4 giant cockroaches
  6 goblins
  4 hobgoblins (D:4)
  14 jackals
  3 quokkas
  8 bats
  A frilled lizard (D:2)
  6 kobolds
  4 rats
80 creatures vanquished.

Notes
Turn   | Place    | Note
-------+----------+-------------------------------------------
     0 | D:1      | qw the Minotaur Hexslinger began the quest for the Orb.
     0 | D:1      | Reached XP level 1. HP: 16/16 MP: 1/1
     0 | D:1      | 0 ||| qw: Version: 0.3-a-46-gb1f654a
     0 | D:1      | 0 ||| qw: Game counter: 1901
     0 | D:1      | 0 ||| qw: Melee chars always use a shield: true
     0 | D:1      | 0 ||| qw: God list: Okawaru
     0 | D:1      | 0 ||| qw: Allow faded altars: false
     0 | D:1      | 0 ||| qw: Do Orc after clearing Dungeon:15 true
     0 | D:1      | 0 ||| qw: Do second Lair branch before Depths: true
     0 | D:1      | 0 ||| qw: Lair rune preference: random
     0 | D:1      | 0 ||| qw: Goals: Normal
     0 | D:1      | 0 ||| PLANNING D:1-11
   219 | D:1      | Reached skill level 3 in Ranged Weapons
   219 | D:1      | Reached XP level 2. HP: 23/23 MP: 2/2
   408 | D:1      | Found a faded altar of an unknown god.
  1049 | D:1      | 1049 ||| READING scroll labelled ATTIRI ZOEMN.
  1050 | D:1      | 1050 ||| DROPPING scroll of poison.
  1088 | D:2      | Reached XP level 3. HP: 23/29 MP: 3/3
  1088 | D:2      | 1088 ||| STAIRDANCE
  1201 | D:2      | Reached skill level 4 in Ranged Weapons
  1239 | D:2      | Identified the ring "Perum" {EV+5 Int+3}
  1370 | D:2      | Identified the +9 dagger of Atefem {protect, rN+ rCorr
                  | Int-5 Dex+4}
  1657 | D:2      | Found an ornate altar of the Wu Jian Council.
  1787 | D:2      | 1787 ||| UPGRADING to ring "Perum" {EV+5 Int+3}.
  1788 | D:2      | 1788 ||| READING scroll labelled BEMEMIGHUSH.
  1789 | D:2      | 1789 ||| READING scroll labelled ZUKAOBB TOQOHUGOO.
  1790 | D:2      | 1790 ||| READING 2 scrolls labelled BOASAO REBROSCH.
  1791 | D:2      | 1791 ||| DROPPING scroll of revelation.
  1860 | D:3      | Reached XP level 4. HP: 35/36 MP: 4/4
  1917 | D:3      | Found a sacrificial altar of Ru.
  2723 | D:3      | 2723 ||| UPGRADING to +0 ring mail.
  2733 | D:3      | 2733 ||| DROPPING +0 robe.
  2734 | D:3      | 2734 ||| READING scroll labelled IFELESY ANETZ.
  2768 | D:4      | Found a basalt altar of Yredelemnul.
  2773 | D:4      | Found a transporter.
  2803 | D:4      | 2803 ||| SWAPPING to +0 orcbow.
  2817 | D:4      | 2817 ||| DROPPING +1 sling.
  2839 | D:4      | Reached skill level 1 in Armour
  2913 | D:4      | Noticed an ogre
  2927 | D:4      | Killed an ogre
  2928 | D:4      | Reached skill level 5 in Ranged Weapons
  2928 | D:4      | Reached XP level 5. HP: 24/41 MP: 5/5
  3023 | D:4      | Found an ancient bone altar of Kikubaaqudgha.
  3023 | D:4      | Noticed Menkaure
  3024 | D:4      | Found a transporter.
  3107 | D:4      | Reached skill level 3 in Fighting
  3107 | D:4      | Reached XP level 6. HP: 52/52 MP: 6/6
  3154 | D:4      | Found a white marble altar of Elyvilon.
  3176 | D:4      | Reached skill level 6 in Ranged Weapons
  3469 | D:4      | 3469 ||| UPGRADING to +0 cloak.
  3474 | D:4      | 3474 ||| UPGRADING to ring of protection from fire.
  3475 | D:4      | 3475 ||| READING scroll labelled HYBESAHOGE.
  3476 | D:4      | 3476 ||| READING scroll labelled YTUH ZEHEHIA.
  3480 | D:4      | 3480 ||| DRINKING 2 inky potions.
  3501 | D:5      | Entered Level 5 of the Dungeon
  3509 | D:5      | 3509 ||| STAIRDANCE
  3511 | D:4      | HP: 7/52 [ogre/+0 giant club (16)]
  3512 | D:4      | Slain by an ogre

Levels and vault maps discovered:
D:1:      kilobyte_arrival_exit_the_forest, layout_loops_corners,
          hellmonk_ecumenical_altar_heavens_door
D:2:      layout_basic, basic_altar
D:3:      layout_basic, mainiacjoe_overflow_brackets, st_stairs_5,
          corexii_item_surrounded_by_moat, kennysheep_potato
D:4:      layout_basic, gammafunk_temple_of_torment,
          mainiacjoe_overflow_alcove_1, minmay_quantized
D:5:      layout_basic, nicolae_gozag_zags_fifth_avenue,
          mainiacjoe_overflow_cross_hatched

Skill      XL: |  1  2  3  4  5  6 |
---------------+-------------------+-----
Ranged Weapons | 3 4 5 6 |  6.4
Fighting       | 2 3 4 |  4.0
Armour         | 1 |  1.3
Dodging        | |  2.1
Spellcasting   | |  1.0
Hexes          | |  2.0

Action                     |  1- 3 |  4- 6 || total
---------------------------+-------+-------++-------
   Fire: Sling             |   127 |    45 ||   172
         Orcbow            |       |   106 ||   106
    Use: Scroll            |     4 |     3 ||     7
         Potion            |       |     1 ||     1
 Armour: Robe              |     3 |     2 ||     5
         Ring mail         |       |    17 ||    17
  Dodge: Dodged            |    36 |    83 ||   119

Table legend:
 A = Non-vault XP
 B = Vault XP
 C = Vault XP percentage of total XP
 D = Non-vault monster count
 E = Vault monster count
 F = Vault count percentage of total count
                 A         B        C        D         E       F
            +---------+---------+-------+---------+---------+-------
      Total |     495 |      18 |   3.5 |      70 |      10 |  12.5
            +---------+---------+-------+---------+---------+-------
        D:1 |      42 |       0 |   0.0 |      22 |       0 |   0.0
        D:2 |      49 |       0 |   0.0 |      13 |       0 |   0.0
        D:3 |      23 |       8 |  25.8 |      10 |       5 |  33.3
        D:4 |     341 |      10 |   2.8 |      24 |       5 |  17.2
        D:5 |      40 |       0 |   0.0 |       1 |       0 |   0.0
            +---------+---------+-------+---------+---------+-------
